 Dungeon Crawl Stone Soup version 0.26-a0-651-gb41185065b (webtiles) character file.

Game seed: 10923420712214795844

132 Apogee the Insei (level 4, 0/38 HPs)
             Began as a Draconian Transmuter on Oct 11, 2020.
             Slain by an adder (1 damage)
             ... on level 1 of the Dungeon.
             The game lasted 00:02:32 (1777 turns).

Apogee the Insei (Draconian Transmuter)             Turns: 1777, Time: 00:02:33

Health: 0/38       AC:  5    Str: 14    XL:     4   Next: 92%
Magic:  7/7        EV: 12    Int: 14    God:
Gold:   127        SH:  0    Dex: 12    Spells: 6/7 levels left

rFire    . . .     SeeInvis .     - Unarmed
rCold    + . .     Faith    .   (no shield)
rNeg     . . .     Spirit   .   (armour unavailable)
rPois    .         Reflect  .   (helmet restricted)
rElec    .         Harm     .   (no cloak)
rCorr    .         Rampage  .   (no gloves)
MR       .....                  (no boots)
Stlth    +.........             (no amulet)
HPRegen  0.12/turn              (no ring)
MPRegen  0.10/turn              (no ring)

@: flying
A: unfitting armour, horns 1, cold resistance 1, high mp 1, strong 1,
cold-blooded, AC +5
a: no special abilities


You were on level 1 of the Dungeon.
You visited 1 branch of the dungeon, and saw 2 of its levels.

You collected 127 gold pieces.

Inventory:

Scrolls
 a - a scroll of enchant weapon {unknown}
 b - 2 scrolls of random uselessness {unknown}
 e - a scroll of identify {unknown}
 f - a scroll of magic mapping {unknown}


   Skills:
 + Level 3.3 Fighting
 - Level 1.7 Dodging
 * Level 4.8 Unarmed Combat
 - Level 2.0 Spellcasting
 - Level 2.0 Transmutations


You had 6 spell levels left.
You knew the following spells:

 Your Spells              Type           Power        Failure   Level
a - Beastly Appendage     Tmut           #.....       11%         1

Your spell library contained the following spells:

 Spells                   Type           Power        Failure   Level
 Wereblood                Tmut           #.......     16%         2
 Spider Form              Tmut/Pois      #.........   43%         3
 Ice Form                 Ice/Tmut       #.......     83%         4
 Blade Hands              Tmut           #.........   96%         5


Dungeon Overview and Level Annotations

Branches:
Dungeon (2/15)

Altars:

Annotations:
D:2 Sigmund


Innate Abilities, Weirdness & Mutations

Your plain brown scales are hard. (AC +5)
You cannot fit into any form of body armour.
You are cold-blooded and may be slowed by cold attacks.
You have a pair of small horns on your head.
Your flesh is cold resistant. (rC+)
You have an increased reservoir of magic. (+10% MP)
Your muscles are strong. (Str +2)


Message History

You hear a shout!
You barely miss the jackal. The jackal barely misses you. The jackal bites you.
* * * LOW HITPOINT WARNING * * *
You grow a pair of large bovine horns.
Your feet morph into talons.
The jackal closely misses you.
You closely miss the jackal.
The jackal bites you but does no damage.
You closely miss the jackal. You claw the jackal.
You kill the jackal!
You hit the jackal.
Your transformation is almost over.
The jackal bites you but does no damage.
You hit the jackal.
You kill the jackal!
You see here a jackal corpse.
Sigmund shouts!
Sigmund barely misses you.
An adder comes into view.
It was a potion of flight.
You feel very buoyant.
You fly up into the air.
Sigmund's eyes start glowing with a red light.
Sigmund gestures wildly while chanting.
Sigmund flickers and vanishes!
Deactivating autopickup; reactivate with Ctrl-A.
A jackal comes into view.
Something hits you but does no damage.
The adder bites you but does no damage. x2
Your horns disappear.
Your talons disappear.
The adder bites you.
* * * LOW HITPOINT WARNING * * *
A jackal comes into view.
The jackal bites you.
* * * LOW HITPOINT WARNING * * *
The adder bites you but does no damage.
There is a stone staircase leading up here.
The jackal barks!
You hear an angry hiss.
Something barely misses you. The jackal closely misses you.
The adder misses you.
You fly upwards.
Reactivating autopickup.
There is a stone staircase leading down here.
It was a potion of mutation.
You feel extremely strange.
You feel stronger.
You feel resistant to cold.
You feel more energetic. A pair of horns grows on your head!
The jackal pauses to sniff the ground.
The jackal bites you but does no damage.
The adder bites you.
You die...

#.#########........######
#.# #.............. #.#
#........###### #.#
#........# #... #.#
#........# #.## #.#
####.##########.## #.#
#................. #.#
#h#..#########)... #.#
#@S............... #.#
###..#########.†..
###.########..# #....
#.............# ##.##
#.#.##...###.#########
#.# #.#.##...#
#.).......# #.##
#.#.##...# #.........#
#... #.#.##...#
#.........# #...
#.#.##...# #.#.#.#####
#...


You could see an adder and a jackal.

Vanquished Creatures
  An ice beast (D:2)
  2 ball pythons (D:1)
  A giant cockroach (D:2)
  6 goblins
  3 hobgoblins (D:1)
  5 jackals (D:2)
  6 bats
  6 frilled lizards (D:1)
  6 kobolds
  2 rats (D:1)
38 creatures vanquished.

Notes
Turn   | Place    | Note
-------+----------+-------------------------------------------
     0 | D:1      | Apogee the Draconian Transmuter began the quest for the
                  | Orb.
     0 | D:1      | Reached XP level 1. HP: 16/16 MP: 3/3
   453 | D:1      | Reached XP level 2. HP: 24/24 MP: 5/5
  1520 | D:2      | Noticed Sigmund
  1520 | D:2      | Noticed an ice beast
  1626 | D:2      | Reached XP level 3. HP: 27/30 MP: 3/6
  1726 | D:2      | Killed an ice beast
  1726 | D:2      | Reached skill level 4 in Unarmed Combat
  1726 | D:2      | Reached XP level 4. HP: 18/38 MP: 7/7
  1735 | D:2      | HP: 1/38 [worm (10)]
  1774 | D:2      | HP: 1/38 [jackal (2)]
  1777 | D:1      | Gained mutation: Your muscles are strong. (Str +2) [potion
                  | of mutation]
  1777 | D:1      | Gained mutation: Your flesh is cold resistant. (rC+)
                  | [potion of mutation]
  1777 | D:1      | Gained mutation: You have an increased reservoir of magic.
                  | (+10% MP) [potion of mutation]
  1777 | D:1      | Gained mutation: You have a pair of small horns on your
                  | head. [potion of mutation]
  1777 | D:1      | Slain by an adder

Illustrated notes

Levels and vault maps discovered:
D:1:      wander_arrival_lonely_grave, layout_basic
D:2:      layout_loops_ring, okawaru_ov_weapons_minmay, uniq_sigmund

Skill      XL: |  1  2  3 |
---------------+----------+-----
Fighting       | 2 3 |  3.3
Unarmed Combat | 4 |  4.8
Dodging        | |  1.7
Spellcasting   | |  2.0
Transmutations | |  2.0

Action                   |  1- 3 |  4- 6 || total
-------------------------+-------+-------++-------
Melee: Unarmed           |   123 |    10 ||   133
       Kick              |    14 |     3 ||    17
       Tailslap          |     8 |     2 ||    10
       Headbutt          |     8 |       ||     8
 Cast: Beastly Appendage |    17 |     2 ||    19
  Use: Potion            |     1 |     2 ||     3
 Stab: Sleeping          |     1 |       ||     1
Armor: Skin              |    44 |     7 ||    51
Dodge: Dodged            |    95 |     7 ||   102

Table legend: (Time is in decaauts)
 A = Elapsed time spent in this place.
 B = Non-inter-level travel time spent in this place.
 C = Inter-level travel time spent in this place.
 D = Time resting spent in this place.
 E = Time spent auto-exploring this place.
 F = Levels seen in this place.
 G = Mean time per level.
                   A        B        C        D        E       F      G
               +--------+--------+--------+--------+--------+-----+--------+
         Total |   1769 |   1674 |     95 |      0 |   1341 |   2 |  884.5 |
       Dungeon |   1769 |   1674 |     95 |      0 |   1341 |   2 |  884.5 |
               +--------+--------+--------+--------+--------+-----+--------+

Top non-repeatable levels by time:
     D:1: 1585 daAuts
     D:2: 184 daAuts
